Map: Efemeryda ER

Players

Hayzee

  • Race: Protoss Protoss
  • League: Diamond
  • Spawn Location: 5:00

Legol - Winner!

  • Race: Protoss Protoss
  • League: Platinum
  • Spawn Location: 11:00

VOD

Have the link to the VOD?

Description

Time

  • Played on: Jan. 8, 2020, 3:30 p.m.
  • Length: 9:10
Show
View Real Time Build Order
Export as new Build Order

Hayzee Protoss 

Build Orders:  

Get SALT Encoding   

  12  0:13  Pylon  
  12  0:14  Probe (Chrono Boost)  
  13  0:24  Probe (Chrono Boost)  
  14  0:33  Gateway  
  14  0:38  Probe  
  15  0:45  Assimilator  
  15  0:50  Probe  
  16  1:03  Probe, Forge  
  17  1:20  Pylon  
  17  1:42  Photon Cannon  
  17  1:44  Cybernetics Core  
  17  1:49  Probe  
  17  1:53  Assimilator  
  18  2:01  Probe  
  18  2:06  Photon Cannon  
  19  2:13  Probe  
  20  2:25  Probe  
  20  2:27  Photon Cannon  
  20  2:29  Pylon  
  21  2:42  Probe  
  22  3:06  Shield Battery  
  22  3:12  Stargate  
  22  3:14  Shield Battery  
  22  3:19  Shield Battery  
  22  3:41  Photon Cannon  
  22  3:43  Pylon  
  22  3:57  Photon Cannon  
  22  4:00  Void Ray  
  26  4:12  Pylon  
  26  4:14  Probe (Chrono Boost)  
  28  4:25  Probe (Chrono Boost)  
  28  4:29  Probe (Chrono Boost)  
  28  4:35  Photon Cannon  
  29  4:54  Fleet Beacon  
  29  5:10  Void Ray (Chrono Boost)  
  33  5:19  Stargate  
  33  5:23  Photon Cannon  
  33  5:48  Tempest (Chrono Boost)  
  38  6:16  Stalker  
  40  6:19  Tempest (Chrono Boost)  
  45  6:50  Pylon  
  45  6:52  Tempest  
Show
View Real Time Build Order
Export as new Build Order

Legol Protoss - Winner!

Build Orders:  

Get SALT Encoding   

  12  0:01  Probe  
  13  0:13  Probe  
  14  0:22  Pylon  
  14  0:25  Probe  
  15  0:40  Probe (Chrono Boost)  
  15  0:41  Gateway  
  17  0:51  Probe (Chrono Boost)  
  17  0:59  Assimilator  
  17  1:10  Probe  
  18  1:22  Probe  
  19  1:29  Cybernetics Core  
  19  1:31  Pylon  
  19  1:34  Probe  
  20  1:46  Probe  
  21  1:58  Probe  
  21  2:00  Gateway  
  22  2:06  Warp Gate, Assimilator, Stalker  
  24  2:10  Probe  
  25  2:22  Probe  
  26  2:34  Probe, Twilight Council  
  26  2:42  Stalker (Chrono Boost)  
  28  2:55  Robotics Facility  
  28  3:13  Stalker  
  28  3:18  Pylon  
  30  3:21  Pylon  
  30  3:37  Shield Battery  
  30  3:38  Shield Battery  
  32  3:42  Immortal (Chrono Boost)  
  36  4:01  Gateway  
  34  4:06  Stalker  
  34  4:07  Stalker  
  38  4:10  Immortal (Chrono Boost)  
  42  4:31  Stargate  
  42  4:44  Warp Prism  
  44  4:50  Stalker  
  46  4:55  Pylon  
  46  5:00  Pylon  
  46  5:14  Stalker x3  
  56  5:38  Observer (Chrono Boost)  
  53  5:48  Gateway  
  57  6:11  Stalker x3  
  55  6:15  Warp Prism  
  57  6:46  Stalker x3  
  53  7:39  Stalker x4  
  47  8:05  Stalker x4  
  47  8:29  Zealot x4  
  47  8:50  Stalker x3  
  47  8:51  Stalker  
Tags
 
Matchup
PvP
Spawn Locations
Cross Positions
Add a new tag
Caveats
  • Supply blocks, unpowered buildings, or Contaminate may cause inaccurate times.
  • Supply counts are checked every 10 seconds.